Map: Winter's Gate LE

Players

Silky

  • Race: Zerg Zerg
  • Spawn Location: 5:00

ShaDoWn - Winner!

  • Race: Protoss Protoss
  • Spawn Location: 11:00

VOD

Have the link to the VOD?

Description

Time

  • Played on: Sept. 6, 2019, 7:14 p.m.
  • Length: 5:56
Show
View Real Time Build Order
Export as new Build Order

Silky Zerg 

Build Orders: Hatch First 

Get SALT Encoding   

  12  0:00  Drone  
  13  0:12  Overlord  
  13  0:16  Drone  
  14  0:31  Drone x2  
  16  0:47  Hatchery  
  15  0:50  Drone  
  15  0:54  Drone  
  17  0:57  Drone  
  18  1:08  Extractor  
  17  1:12  Spawning Pool  
  17  1:15  Drone  
  17  1:19  Drone  
  19  1:59  Zergling x8  
  23  2:07  Queen  
  25  2:11  Queen  
  27  2:17  Drone  
  28  2:33  Extractor  
  26  2:37  Drone  
  26  2:38  Overlord  
  26  2:51  Drone  
  26  2:53  Overlord  
  26  2:54  Roach Warren, Extractor  
  26  2:58  Drone  
  25  3:07  Drone  
  25  3:08  Drone  
  27  3:13  Spine Crawler  
  27  3:16  Drone  
  27  3:17  Drone  
  28  3:34  Roach x3  
  28  3:35  Roach  
  36  3:44  Zergling x2  
  36  3:51  Queen  
  36  3:54  Ravager  
  36  3:55  Ravager  
  41  3:58  Queen  
  43  4:04  Roach  
  42  4:12  Roach  
  42  4:26  Ravager  
  42  4:28  Overlord  
  41  4:41  Roach x2  
  41  4:43  Ravager  
  44  4:50  Queen  
  42  4:56  Roach x2  
  42  4:57  Roach  
  48  5:05  Queen  
  50  5:10  Ravager  
  46  5:24  Ravager  
  45  5:31  Zergling x4, Roach  
  46  5:37  Roach  
  47  5:51  Ravager  
Show
View Real Time Build Order
Export as new Build Order

ShaDoWn Protoss - Winner!

Build Orders:  

Get SALT Encoding   

  12  0:00  Probe  
  13  0:12  Probe  
  14  0:18  Pylon  
  14  0:24  Probe  
  15  0:32  Probe  
  15  0:37  Gateway  
  15  0:40  Probe  
  16  0:48  Assimilator  
  17  0:51  Probe  
  18  1:03  Probe  
  19  1:04  Forge  
  19  1:15  Probe  
  20  1:25  Cybernetics Core  
  20  1:26  Pylon  
  20  1:27  Probe  
  21  1:50  Photon Cannon  
  20  1:57  Pylon  
  20  1:58  Photon Cannon  
  20  2:00  Pylon  
  20  2:02  Probe  
  21  2:17  Adept  
  21  2:18  Robotics Facility  
  21  2:21  Photon Cannon  
  23  2:29  Photon Cannon  
  23  2:32  Shield Battery  
  23  2:38  Shield Battery  
  23  2:43  Probe  
  24  2:51  Assimilator  
  24  2:54  Immortal  
  24  2:56  Probe  
  25  3:02  Shield Battery  
  29  3:16  Shield Battery  
  28  3:21  Warp Prism  
  28  3:25  Pylon  
  30  3:37  Pylon  
  30  3:50  Immortal  
  30  3:54  Photon Cannon  
  34  4:06  Shield Battery  
  34  4:12  Shield Battery  
  34  4:14  Shield Battery  
  34  4:22  Shield Battery  
  34  4:35  Immortal  
  38  4:40  Shield Battery  
  38  4:42  Shield Battery  
  38  4:51  Shield Battery  
  38  5:06  Pylon  
  38  5:14  Pylon  
  42  5:35  Pylon  
  42  5:42  Pylon  
Tags
 
Add a new tag
Caveats
  • Supply blocks, unpowered buildings, or Contaminate may cause inaccurate times.
  • Supply counts are checked every 10 seconds.